 Dungeon Crawl Stone Soup version 0.26-a0-649-gf8c6c3aab7 (webtiles) character file.

Game seed: 16621184304457425697

76991 DogServant the Sharpshooter (level 15, -6/139 HPs)
             Began as a Minotaur Hunter on Sept 26, 2020.
             Was the Champion of Okawaru.
             Killed from afar by an ogre mage (42 damage)
             ... with a bolt of fire
             ... on level 2 of the Orcish Mines.
             The game lasted 00:56:18 (25421 turns).

DogServant the Sharpshooter (Minotaur Hunter)      Turns: 25421, Time: 00:56:19

Health: -6/139     AC: 22    Str: 28    XL:     15   Next: 14%
Magic:  6/13       EV: 22    Int:  8    God:    Okawaru [******]
Gold:   3131       SH:  0    Dex: 21    Spells: 14/14 levels left

rFire    . . .     SeeInvis .   H - +3 triple crossbow (freeze)
rCold    . . .     Faith    .   (shield currently unavailable)
rNeg     . . .     Spirit   .   I - +6 chain mail "Farunuby" {MP-9 Str+6 Stlth+}
rPois    .         Reflect  .   (helmet restricted)
rElec    .         Harm     .   y - +0 cloak
rCorr    .         Rampage  .   T - +0 pair of gloves {Str+3}
MR       +....                  o - +0 pair of boots
Stlth    +.........             A - amulet of the acrobat
HPRegen  0.33/turn              k - +4 ring of slaying
MPRegen  0.13/turn              l - +6 ring of dexterity

@: heroism, finesse
A: retaliatory headbutt, horns 2
a: Heroism, Finesse, Renounce Religion


You were on level 2 of the Orcish Mines.
You worshipped Okawaru.
Okawaru was exalted by your worship.
You visited 4 branches of the dungeon, and saw 22 of its levels.
You also visited: Ossuary.

You collected 3233 gold pieces.
You spent 102 gold pieces at shops.

Inventory:

Hand Weapons
 a - a +1 hand crossbow
 C - a +0 hand axe of freezing
 H - a +3 triple crossbow of freezing (weapon)
Missiles
 d - 149 bolts (quivered)
 f - 76 poisoned darts
 u - 2 throwing nets
Armour
 o - a +0 pair of boots (worn)
 y - a +0 cloak (worn)
 B - a +0 buckler of poison resistance
 I - the +6 chain mail "Farunuby" (worn) {MP-9 Str+6 Stlth+}
   (You found it on level 9 of the Dungeon)

   It affects your strength (+6).
   It affects your magic capacity (-9).
   It makes you more stealthy.
 T - a +0 pair of gloves of strength (worn)
 X - the +5 scale mail of Kuit {+Blink rPois}
   (You found it on level 2 of the Lair of Beasts)

   It protects you from poison.
   It lets you blink.
Jewellery
 k - a +4 ring of slaying (left hand)
 l - a +6 ring of dexterity (right hand)
 A - an amulet of the acrobat (around neck)
Wands
 m - a wand of disintegration (7)
 t - a wand of random effects (15)
 G - a wand of paralysis (13)
 J - a wand of acid (7)
 L - a wand of flame (42)
 N - a wand of iceblast (35)
 V - a wand of digging (9)
Scrolls
 b - 14 scrolls of remove curse
 g - 6 scrolls of enchant armour
 h - a scroll of teleportation
 j - 2 scrolls of holy word
 r - 4 scrolls of fog
 s - 5 scrolls of magic mapping
 v - a scroll of silence
 x - 4 scrolls of amnesia {unknown}
 K - a scroll of vulnerability {unknown}
 R - a scroll of blinking {unknown}
 S - a scroll of enchant weapon {unknown}
Potions
 c - 3 potions of curing
 e - 3 potions of haste
 i - 3 potions of brilliance
 n - 6 potions of stabbing
 p - a potion of resistance {unknown}
 q - 3 potions of berserk rage
 w - 2 potions of mutation
 z - 3 potions of flight
 D - 4 potions of magic
 E - 3 potions of might
 F - 4 potions of lignification
 O - 2 potions of invisibility
 P - 2 potions of degeneration
 W - 9 potions of ambrosia


   Skills:
 + Level 14.8(19.8) Fighting
 - Level 4.5(9.5) Axes
 + Level 15.9(20.9) Crossbows
 + Level 6.7(11.7) Armour
 + Level 11.6(16.6) Dodging
 - Level 0.7(5.7) Stealth
 - Level 4.0(9.0) Shields
 - Level 11.0 Invocations
 + Level 8.4 Evocations


You had 14 spell levels left.
You didn't know any spells.
Your spell library contained the following spells:

 Spells                   Type           Power        Failure   Level
 Beastly Appendage        Tmut           #.....       86%         1
 Corona                   Hex            #......      86%         1
 Foxfire                  Conj/Fire      #...         86%         1
 Freeze                   Ice            #...         86%         1
 Sandblast                Erth           #.....       86%         1
 Sting                    Tmut/Pois      #...         86%         1
 Blink                    Tloc           N/A          95%         2
 Corpse Rot               Necr/Air       N/A          95%         2
 Ensorcelled Hibernation  Hex/Ice        #.....       95%         2
 Passwall                 Tmut/Erth      #.......     95%         2
 Poisonous Vapours        Pois/Air       #.....       95%         2
 Wereblood                Tmut           #.......     95%         2
 Confusing Touch          Hex            #.......     99%         3
 Dazzling Flash           Conj/Hex       #.....       99%         3
 Frozen Ramparts          Ice            #.....       99%         3
 Gell's Gravitas          Tloc           #.........   99%         3
 Ignite Poison            Fire/Tmut/Pois #.......     99%         3
 Lesser Beckoning         Tloc           #.........   99%         3
 Mephitic Cloud           Conj/Pois/Air  #.......     99%         3
 Ozocubu's Armour         Ice            #.......     99%         3
 Spider Form              Tmut/Pois      #.........   99%         3
 Stone Arrow              Conj/Erth      #.....       99%         3
 Teleport Other           Tloc           #.......     99%         3
 Tukima's Dance           Hex            #.......     99%         3
 Cause Fear               Hex            #.........   100%        4
 Hailstorm                Conj/Ice       #.......     100%        4
 Ice Form                 Ice/Tmut       #.......     100%        4
 Olgreb's Toxic Radiance  Pois           #.......     100%        4
 Passage of Golubria      Tloc           N/A          100%        4
 Petrify                  Tmut/Erth      #.......     100%        4
 Summon Ice Beast         Ice/Summ       #.......     100%        4
 Blade Hands              Tmut           #.........   100%        5
 Bolt of Magma            Conj/Fire/Erth #.........   100%        5
 Iskenderun's Battlesphe  Conj           #.......     100%        5
 Lee's Rapid Deconstruct  Erth           #.........   100%        5
 Summon Forest            Summ/Tloc      #.........   100%        5
 Eringya's Noxious Bog    Tmut/Pois      #.........   100%        6
 Hydra Form               Tmut           #.........   100%        6
 Iron Shot                Conj/Erth      #.........   100%        6
 Dragon Form              Tmut           #.........   100%        7
 Orb of Destruction       Conj           #.........   100%        7
 Spellforged Servitor     Conj/Summ      #.........   100%        7
 Summon Hydra             Summ           #.........   100%        7
 Dragon's Call            Summ           #.........   100%        9


Dungeon Overview and Level Annotations

Branches:
Dungeon (13/15)            Temple (1/1) D:7            Lair (6/6) D:10
 Shoals (0/4) Lair:2       Spider (0/4) Lair:2        Slime (0/5) Lair:5
    Orc (2/2) D:10            Elf (0/3) Orc:2        Vaults (0/5) D:13
Ossuary (visited)

Altars:
Ashenzari
Cheibriados
Dithmenos
Elyvilon
Fedhas
Gozag
Hepliaklqana
Kikubaaqudgha
Makhleb
Nemelex Xobeh
Okawaru
Qazlal
Ru
Sif Muna
Trog
Vehumet
Wu Jian
Yredelemnul
Zin
The Shining One
Beogh
Jiyva

Shops:
D:6 *   Orc:2 *(

Annotations:
Lair:3 1 runed translucent door, Afiewiwi's ghost, journeyman MiFi


Innate Abilities, Weirdness & Mutations

You reflexively headbutt those who attack you in melee.
You have a pair of horns on your head.


Message History

* * * LOW HITPOINT WARNING * * *
Okay, then.
You gain the combat prowess of a mighty hero.
You can now deal lightning-fast blows.
The cyclops throws a large rock.
The large rock closely misses you.
Firing (i - inventory. (/) - cycle)
d - 151 bolts (quivered)
Press: ? - help, Shift-Dir - straight line, f - cyclops
Aim: a cyclops, quivering 3 large rocks You shoot a bolt.
The bolt hits the cyclops!!
The bolt freezes the cyclops.
The cyclops is heavily wounded.
Unknown command.
Firing (i - inventory. (/) - cycle)
d - 150 bolts (quivered)
Press: ? - help, Shift-Dir - straight line, f/p - cyclops
Aim: a cyclops, quivering 3 large rocks (heavily wounded)
You shoot a bolt. The bolt hits the cyclops!!
The bolt freezes the cyclops.
You kill the cyclops!
Okawaru accepts your kill.
The ogre mage points at you and mumbles some strange words.
The bolt of fire hits you!!!
You die...

# ##### ..#.
##.#.##
..$..#(().@##
#....(O.()#.##
#...)##)#(...#
##. #..(...##
##)#$### #O###


Too (OO$ .....# You could see an ogre mage, a troll and 2 ogres.

Vanquished Creatures
  Rupert (D:13)
  Gastronok (D:10)
  A stone giant (Orc:1)
  Nessos (D:12)
  Snorg (Lair:6)
  Erolcha (D:12)
  Harold (Lair:1)
  Josephine (D:11)
  Fannar (D:9)
  6 hydras
  A merfolk avatar (Lair:6)
  2 centaur warriors (D:13)
  Erica (D:8)
  4 two-headed ogres (Orc:2)
  Urug (Lair:1)
  Sonja (Lair:2)
  A sea snake (Lair:6)
  3 orc knights
  2 harpies (Lair:6)
  2 orc sorcerers
  3 ugly things
  2 cyclopes
  A manticore (Lair:2)
  A centaur zombie (D:10)
  A guardian serpent (D:12)
  Maurice (D:12)
  Joseph (Lair:1)
  2 elephants (Lair:6)
  Psyche (D:8)
  3 black mambas
  14 cane toads
  Maggie (D:10)
  A gargoyle (D:13)
  9 komodo dragons
  8 rime drakes
  2 ice devils (Lair:3)
  A queen bee (Lair:1)
  3 polar bears
  6 trolls
  3 jumping spiders (Lair:2)
  23 blink frogs
  7 hippogriffs
  12 dream sheep
  6 redbacks (Lair:2)
  2 shadows
  4 wraiths
  5 wyverns
  3 basilisks
  57 yaks
  16 humans (D:13)
  3 wargs
  A two-headed ogre zombie (D:10)
  12 porcupines
  11 water moccasins
  5 sky beasts
  6 ice beasts
  9 orc warriors
  3 black bears
  4 necrophages
  4 phantoms
  14 ogres
  A boggart (D:13)
  9 centaurs
  3 wolves (Lair:2)
  11 crocodiles
  2 big kobolds
  16 bullfrogs
  A gnoll sergeant (D:8)
  A wyvern skeleton (D:13)
  2 troll zombies (D:10)
  3 scorpions
  30 killer bees
  13 wights
  3 electric eels
  3 bullfrog zombies
  A jelly (D:10)
  3 quasits
  14 orc priests
  6 hounds
  2 bullfrog skeletons
  4 centaur skeletons
  An iguana (D:6)
  11 worker ants
  22 orc wizards
  5 ogre zombies (D:10)
  8 mummies (Ossuary)
  A howler monkey zombie (D:6)
  4 worker ant zombies
  14 adders
  12 gnolls
  A white imp (D:9)
  An ufetubus (D:9)
  An ooze (D:5)
  An adder zombie (D:8)
  4 worms
  A dart slug (D:2)
  7 leopard geckos
  68 orcs
  8 bats
  5 giant cockroaches
  10 goblins
  16 hobgoblins
  6 jackals
  A quokka (D:8)
  3 frilled lizards
  A goblin skeleton (D:10)
  5 goblin zombies (D:10)
  5 hobgoblin zombies
  14 kobolds
  A kobold zombie (Ossuary)
  3 orc skeletons (D:10)
  18 orc zombies
  A quokka skeleton (D:9)
  4 rats
695 creatures vanquished.

Vanquished Creatures (others)
  An unseen horror (D:11)
  78 fungi
  105 plants
184 creatures vanquished.

Grand Total: 879 creatures vanquished

Notes
Turn   | Place    | Note
-------+----------+-------------------------------------------
     0 | D:1      | DogServant the Minotaur Hunter began the quest for the Orb.
     0 | D:1      | Reached XP level 1. HP: 18/18 MP: 0/0
   131 | D:1      | Reached XP level 2. HP: 19/25 MP: 1/1
   772 | D:1      | Reached skill level 5 in Crossbows
   964 | D:2      | Found a broken altar of Ashenzari.
  1064 | D:2      | Reached XP level 3. HP: 29/31 MP: 2/2
  1197 | D:2      | Found a faded altar of an unknown god.
  1289 | D:2      | Reached skill level 1 in Armour
  1289 | D:2      | Reached XP level 4. HP: 34/40 MP: 3/3
  2177 | D:3      | Reached XP level 5. HP: 46/46 MP: 4/4
  3298 | D:4      | Reached skill level 6 in Crossbows
  3306 | D:4      | Reached XP level 6. HP: 55/55 MP: 5/5
  3365 | D:4      | Reached skill level 5 in Fighting
  3400 | D:4      | Found a stormy altar of Qazlal.
  3400 | D:4      | Found a glowing silver altar of Zin.
  3401 | D:4      | Found a blossoming altar of Fedhas.
  3632 | D:5      | Entered Level 5 of the Dungeon
  3690 | D:5      | Got an encrusted scale mail
  3701 | D:5      | Identified the +2 scale mail "Afiapsen" {+Inv +Fly} (You
                  | found it on level 5 of the Dungeon)
  3829 | D:5      | Noticed an ice beast
  3834 | D:5      | Killed an ice beast
  3834 | D:5      | Reached XP level 7. HP: 62/62 MP: 6/6
  4134 | D:6      | Reached skill level 7 in Crossbows
  4139 | D:6      | Reached skill level 5 in Dodging
  4605 | D:6      | Found Jenapran's General Store.
  4612 | D:6      | Bought a +0 buckler of poison resistance for 102 gold
                  | pieces
  4625 | D:6      | Reached skill level 1 in Shields
  4625 | D:6      | Reached XP level 8. HP: 73/73 MP: 7/7
  4918 | D:7      | Noticed a hippogriff
  4925 | D:7      | Killed a hippogriff
  4925 | D:7      | Reached skill level 8 in Crossbows
  5013 | D:7      | Found a sand-covered staircase.
  5019 | Ossuary  | Entered an ossuary
  5605 | D:7      | Reached skill level 1 in Axes
  5724 | D:7      | Reached XP level 9. HP: 32/81 MP: 8/8
  5727 | D:7      | HP: 2/81 [yak (8)]
  6009 | D:7      | Reached skill level 5 in Armour
  6168 | D:7      | Found a staircase to the Ecumenical Temple.
  6183 | Temple   | Entered the Ecumenical Temple
  6253 | Temple   | Became a worshipper of Warmaster Okawaru
  6323 | D:7      | Found a bloodstained altar of Trog.
  6333 | D:7      | Found a hazy altar of Hepliaklqana.
  6333 | D:7      | Found a burning altar of Makhleb.
  6333 | D:7      | Found a shimmering blue altar of Sif Muna.
  6554 | D:8      | Reached skill level 9 in Crossbows
  6694 | D:8      | Reached * piety under Okawaru
  6950 | D:8      | Found a sparkling altar of Nemelex Xobeh.
  6968 | D:8      | Reached skill level 1 in Invocations
  6968 | D:8      | Reached skill level 1 in Evocations
  7008 | D:8      | Noticed Psyche
  7012 | D:8      | Killed Psyche
  7038 | D:8      | Reached ** piety under Okawaru
  7038 | D:8      | Reached XP level 10. HP: 84/91 MP: 10/10
  7339 | D:8      | Noticed Erica
  7347 | D:8      | Reached skill level 10 in Crossbows
  7358 | D:8      | Killed Erica
  8100 | D:9      | Reached *** piety under Okawaru
  8106 | D:9      | Received a gift from Okawaru
  8528 | D:9      | Reached skill level 5 in Invocations
  8789 | D:9      | Got a spiked chain mail
  8800 | D:9      | Identified the +6 chain mail "Farunuby" {MP-9 Str+6 Stlth+}
                  | (You found it on level 9 of the Dungeon)
  8880 | D:9      | Received a gift from Okawaru
  8998 | D:9      | Reached skill level 11 in Crossbows
  9127 | D:10     | Entered Level 10 of the Dungeon
  9127 | D:10     | Noticed an eight-headed hydra
  9131 | D:9      | Reached skill level 5 in Evocations
  9179 | D:10     | Noticed Maggie
  9202 | D:10     | Killed Maggie
  9240 | D:10     | Killed an eight-headed hydra
  9240 | D:10     | Reached **** piety under Okawaru
  9240 | D:10     | Reached XP level 11. HP: 68/95 MP: 5/14
  9378 | D:10     | Noticed Fannar
  9402 | D:9      | Killed Fannar
  9951 | D:10     | Found a staircase to the Orcish Mines.
 10154 | D:10     | Received a gift from Okawaru
 10375 | D:10     | Found a staircase to the Lair.
 10467 | D:10     | Noticed Gastronok
 10496 | D:10     | Killed Gastronok
 10496 | D:10     | Received a gift from Okawaru
 10496 | D:10     | Reached skill level 12 in Crossbows
 11425 | D:11     | Noticed Josephine
 11428 | D:11     | Reached ***** piety under Okawaru
 11428 | D:11     | Received a gift from Okawaru
 12103 | D:11     | Noticed a green ugly thing
 12118 | D:11     | Killed a green ugly thing
 12118 | D:11     | Reached XP level 12. HP: 89/106 MP: 2/17
 12392 | D:11     | Found a stormy altar of Qazlal.
 12397 | D:11     | Reached skill level 10 in Fighting
 12412 | D:11     | Killed Josephine
 12620 | D:11     | Received a gift from Okawaru
 13416 | D:12     | Noticed Maurice
 13421 | D:12     | Killed Maurice
 13585 | D:12     | Noticed Erolcha
 13589 | D:12     | Paralysed by Erolcha for 7 turns
 13600 | D:12     | Killed Erolcha
 13802 | D:12     | Noticed Nessos
 13806 | D:12     | Killed Nessos
 13902 | D:12     | Reached skill level 13 in Crossbows
 14216 | D:13     | Found a gate to the Vaults.
 14216 | D:13     | Noticed a centaur warrior
 14216 | D:13     | Noticed Rupert
 14216 | D:13     | Noticed a centaur warrior
 14481 | D:13     | Killed Rupert
 14485 | D:13     | Killed a centaur warrior
 14485 | D:13     | Received a gift from Okawaru
 14706 | D:13     | Reached XP level 13. HP: 116/116 MP: 10/19
 15303 | D:13     | Reached skill level 10 in Dodging
 16011 | Lair:1   | Entered Level 1 of the Lair of Beasts
 16014 | Lair:1   | Noticed Urug
 16028 | Lair:1   | Killed Urug
 16043 | Lair:1   | Reached skill level 10 in Invocations
 16208 | Lair:1   | Noticed Joseph
 16211 | Lair:1   | Killed Joseph
 16562 | Lair:1   | Noticed Harold
 16573 | Lair:1   | Killed Harold
 16677 | Lair:1   | Reached skill level 14 in Crossbows
 16998 | Lair:2   | Found a staircase to the Shoals.
 17122 | Lair:2   | Received a gift from Okawaru
 17176 | Lair:2   | Found a hole to the Spider Nest.
 18002 | Lair:2   | Received a gift from Okawaru
 18394 | Lair:2   | Noticed Sonja
 18403 | Lair:2   | Killed Sonja
 18411 | Lair:2   | Received a gift from Okawaru
 18696 | Lair:2   | Got an agate-encrusted scale mail
 19021 | Lair:3   | Received a gift from Okawaru
 19186 | Lair:3   | Reached XP level 14. HP: 110/127 MP: 12/21
 19360 | Lair:3   | Found a frozen archway.
 19512 | Lair:3   | Found a runed translucent door.
 19514 | Lair:3   | Noticed Afiewiwi's ghost (journeyman MiFi)
 20462 | Lair:5   | Found the +8 lance "Wyrmbane" {slay drac, rPois rF+ rC+
                  | AC+3}
 20473 | Lair:5   | Reached ****** piety under Okawaru
 20847 | Lair:5   | Found a staircase to the Slime Pits.
 20847 | Lair:5   | Found a viscous altar of Jiyva.
 20874 | Lair:5   | Reached skill level 15 in Crossbows
 21253 | Lair:6   | Entered Level 6 of the Lair of Beasts
 21266 | Lair:6   | Received a gift from Okawaru
 21301 | Lair:6   | Received a gift from Okawaru
 22370 | Lair:6   | Noticed Snorg
 22373 | Lair:6   | Killed Snorg
 22654 | Lair:6   | Identified the +5 scale mail of Kuit {+Blink rPois} (You
                  | found it on level 2 of the Lair of Beasts)
 22655 | Lair:6   | Identified a scroll of acquirement
 22656 | Lair:6   | Acquired 1155 gold pieces
 22947 | Lair:6   | Received a gift from Okawaru
 23397 | Orc:1    | Entered Level 1 of the Orcish Mines
 23432 | Orc:1    | Found a roughly hewn altar of Beogh.
 23498 | Orc:1    | Paralysed by an orc sorcerer for 3 turns
 23502 | Orc:1    | Noticed a stone giant
 24093 | D:10     | Found a staircase to the Orcish Mines.
 24202 | D:10     | Found a staircase to the Lair.
 24407 | D:10     | Found a staircase to the Lair.
 24544 | D:10     | Found a staircase to the Orcish Mines.
 24759 | Orc:1    | Killed a stone giant
 24759 | Orc:1    | Reached XP level 15. HP: 68/139 MP: 13/22
 25307 | Orc:2    | Entered Level 2 of the Orcish Mines
 25349 | Orc:2    | Found Ericipor's Assorted Antiques.
 25349 | Orc:2    | Found Gur Lest's Antique Weapon Shoppe.
 25354 | Orc:2    | Found a staircase to the Elven Halls.
 25405 | Orc:2    | Received a gift from Okawaru
 25421 | Orc:2    | Killed from afar by an ogre mage

Illustrated notes

Levels and vault maps discovered:
D:1:      minmay_arrival_doors, layout_basic
D:2:      layout_basic, chequers_ecumenical_altar_island, ashenzari_altar_1
D:3:      layout_basic
D:4:      layout_rooms, gammafunk_temple_overflow_claw
D:5:      layout_gridville
D:6:      layout_loops_ring, serial_shops, shop, chequers_serial_rivers_marsh
D:7:      layout_basic, chequers_temple_overflow_statue_of_worship,
          minmay_temple_entry_stoned_glass, basic_altar, enter_ossuary_2
D:8:      layout_basic, nemelex_xobeh_ov_fountains_minmay, uniq_psyche,
          uniq_erica
D:9:      layout_rooms, minmay_tree_intersection
D:10:     layout_cave_pools, due_lair_maze_entry_diamond, zombieorc2_lemuel,
          uniq_fannar, uniq_gastronok, uniq_maggie
D:11:     layout_basic, basic_altar, uniq_josephine
D:12:     layout_irregular_city, nrook_guardian_serpent_ordinary, uniq_nessos,
          uniq_erolcha, uniq_maurice
D:13:     layout_basic, david_vaults_3, kennysheep_small_square
Temple:   nicolae_temple_elliptical
Lair:1:   layout_roguey [special_room_bee], uniq_joseph, uniq_urug, uniq_harold
Lair:2:   layout_loops_ring, minmay_shoals_entry_beasts,
          nicolae_spider_entry_tight_spaces, uniq_sonja
Lair:3:   layout_cave_pods, portal_ice_cave_demonic_guard,
          ebering_ghost_reflecting_pool, grunt_forest_small_clearings,
          infiniplex_staircase_pool, grunt_megastairs_1
Lair:4:   layout_misc_corridors
Lair:5:   layout_cave_shapes, slime_altar_1, minmay_lair_drake_nest,
          infiniplex_staircase_pool_2, lemuel_fruit_tree
Lair:6:   gammafunk_lair_ancient_temple, layout_loops_ring, uniq_snorg
Orc:1:    layout_caves, serial_shops, nicolae_shop_stone, mines1_david
Orc:2:    st_orc_open, layout_caves

Skill      XL: |  1  2  3  4  5  6  7  8  9 10 11 12 13 14 |
---------------+-------------------------------------------+-----
Fighting       | 3 4 5 7 8 9 11 12 14 | 14.8
Crossbows      | 5 6 7 8 9 11 12 13 14 15 | 15.9
Armour         | 1 2 4 6 |  6.7
Dodging        | 3 4 5 8 9 11 | 11.6
Shields        | 1 4 |  4.0
Axes           | 2 4 |  4.5
Invocations    | 2 6 8 9 11 | 11.0
Evocations     | 2 5 8 |  8.4
Stealth        | |  0.7

Action                   |  1- 3 |  4- 6 |  7- 9 | 10-12 | 13-15 || total
-------------------------+-------+-------+-------+-------+-------++-------
Melee: Short sword       |    62 |     6 |       |       |       ||    68
       Headbutt          |     9 |    10 |    37 |    60 |    11 ||   127
       Dagger            |       |    28 |       |       |       ||    28
       Hand axe          |       |    43 |   181 |   243 |    31 ||   498
 Fire: Hand crossbow     |    12 |    32 |    93 |   334 |    63 ||   534
       Arbalest          |       |       |       |   121 |   558 ||   679
       Triple crossbow   |       |       |       |       |   117 ||   117
Invok: Heroism           |       |       |       |     7 |     3 ||    10
       Finesse           |       |       |       |     2 |     2 ||     4
Evoke: Wand              |       |       |       |       |     4 ||     4
  Use: Scroll            |     1 |     5 |    10 |     5 |    22 ||    43
       Potion            |       |       |     3 |     5 |     9 ||    17
 Stab: Sleeping          |     1 |       |       |       |       ||     1
Armor: Leather armour    |    14 |       |       |       |       ||    14
       Ring mail         |     3 |    37 |       |       |       ||    40
       Scale mail        |       |     1 |   133 |    62 |       ||   196
       Chain mail        |       |       |       |   147 |   159 ||   306
Dodge: Dodged            |    44 |    68 |   176 |   255 |   363 ||   906
Block: Buckler           |       |       |     6 |    88 |    24 ||   118

Table legend: (Time is in decaauts)
 A = Elapsed time spent in this place.
 B = Non-inter-level travel time spent in this place.
 C = Inter-level travel time spent in this place.
 D = Time resting spent in this place.
 E = Time spent auto-exploring this place.
 F = Levels seen in this place.
 G = Mean time per level.
                   A        B        C        D        E       F      G
               +--------+--------+--------+--------+--------+-----+--------+
         Total |  25800 |  24819 |    981 |   4035 |  16584 |  23 | 1121.7 |
       Dungeon |  16805 |  16154 |    651 |   2090 |  11377 |  13 | 1292.7 |
        Temple |    135 |     91 |     44 |      0 |     90 |   1 |  135.0 |
          Lair |   7522 |   7259 |    263 |   1295 |   4691 |   6 | 1253.7 |
  Orcish Mines |    771 |    748 |     23 |    352 |    237 |   2 |  385.5 |
       Ossuary |    565 |    565 |      0 |    297 |    188 |   1 |  565.0 |
               +--------+--------+--------+--------+--------+-----+--------+

Top non-repeatable levels by time:
    D:10: 3155 daAuts
    D:11: 1873 daAuts
  Lair:6: 1819 daAuts
  Lair:2: 1762 daAuts
    D:13: 1762 daAuts
     D:8: 1724 daAuts
     D:3: 1405 daAuts
     D:9: 1400 daAuts
  Lair:5: 1143 daAuts
  Lair:3: 1082 daAuts
  Lair:1: 1025 daAuts
     D:7: 985 daAuts
    D:12: 981 daAuts
     D:1: 920 daAuts
     D:6: 900 daAuts
